 Dungeon Crawl Stone Soup version 0.25-a0-565-g8875c97ebb (webtiles) character file.

Game seed: 13658153212258707970, levelgen mode: deterministic

564 Irikuri the Slasher (level 7, -3/59 HPs)
             Began as a Minotaur Gladiator on Feb 25, 2020.
             Was an Initiate of Elyvilon.
             Killed from afar by an orc wizard (7 damage)
             ... with a magic dart
             ... on level 5 of the Dungeon on Feb 26, 2020.
             The game lasted 00:21:27 (2267 turns).

Irikuri the Slasher (Minotaur Gladiator)            Turns: 2267, Time: 00:21:28

Health: -3/59      AC:  4    Str: 21    XL:     7   Next: 10%
Magic:  6/6        EV: 13    Int:  5    God:    Elyvilon [......]
Gold:   116        SH:  5    Dex: 11    Spells: 6/6 levels left

rFire    . . .     SeeInvis .   a - +0 long sword
rCold    + . .     Gourm    .   m - +2 buckler
rNeg     . . .     Faith    .   b - +1 leather armour
rPois    .         Spirit   .   c - +0 hat
rElec    .         Reflect  .   (no cloak)
rCorr    .         Harm     .   (no gloves)
MR       .....                  (no boots)
Stlth    +.........             (no amulet)
HPRegen  0.19/turn              n - ring of protection from cold
MPRegen  0.10/turn              (no ring)

@: slowed, very slow
A: retaliatory headbutt, horns 2
a: Renounce Religion


You were on level 5 of the Dungeon.
You worshipped Elyvilon.
Elyvilon was noncommittal.
You were not hungry.

You visited 2 branches of the dungeon, and saw 6 of its levels.

You collected 116 gold pieces.

Inventory:

Hand Weapons
 a - a +0 long sword (weapon)
 i - a +0 short sword
Missiles
 d - 3 throwing nets (quivered)
 g - 27 sling bullets
Armour
 b - a +1 leather armour (worn)
 c - a +0 hat (worn)
 m - a +2 buckler (worn)
Jewellery
 k - a +6 ring of strength {unknown}
 n - a ring of protection from cold (left hand)
Scrolls
 e - 3 scrolls of identify
 j - a scroll of enchant armour
Comestibles
 f - 3 rations
 h - 6 chunks of flesh


   Skills:
 + Level 4.0 Fighting
 + Level 7.2 Long Blades
 + Level 2.3 Throwing
 + Level 3.2 Armour
 + Level 4.5 Dodging
 + Level 0.8 Stealth
 + Level 1.1 Shields


You had 6 spell levels left.
You didn't know any spells.
Your spell library was empty.

Dungeon Overview and Level Annotations

Branches:
Dungeon (5/15)             Temple (1/1) D:4

Altars:
Cheibriados
Elyvilon
Gozag
Hepliaklqana
Kikubaaqudgha
Makhleb
Okawaru
Sif Muna
Uskayaw
Vehumet
Wu Jian
Xom
Zin
The Shining One


Innate Abilities, Weirdness & Mutations

You reflexively headbutt those who attack you in melee.
You have a pair of horns on your head.


Message History

You block the orc priest's attack.
The orc wizard hits you with a +0 dagger.
The orc priest invokes the aid of Beogh against you.
Beogh smites you!
You closely miss the orc wizard.
The orc wizard hits you with a +0 dagger.
The orc wizard closely misses you.
The orc wizard points at you and mumbles some strange words.
The magic dart hits you. The orc priest hits you with a +0 club.
The orc wizard points at you and mumbles some strange words.
The magic dart hits you!
* * * LOW HITPOINT WARNING * * *
The orc wizard barely misses you.
You riposte.
You closely miss the orc wizard.
The orc priest invokes the aid of Beogh against you.
Beogh smites you!
* * * LOW HITPOINT WARNING * * *
You block the orc wizard's attack. The orc wizard casts a spell at you.
The magic dart hits you!
You die...

#.....##.......#.......
#......'.......#.......
#......#.......######..
#######'###....<...#
#..
.?........##########
### ..................
..................
......†)o.........
......oo.@........
...###+###........ ...
#........ .. #........
#........ #........
#........ .......


You could see an orc priest and 2 orc wizards.

Vanquished Creatures
  A phantom (D:4)
  2 ogres
  A scorpion (D:4)
  A bullfrog zombie (D:5)
  A hound (D:4)
  An orc priest (D:5)
  An iguana (D:4)
  A worker ant (D:4)
  A hound skeleton (D:4)
  4 adders
  3 adder skeletons (D:2)
  6 dart slugs
  4 leopard geckos
  An orc (D:3)
  2 bat skeletons (D:2)
  2 bat zombies (D:2)
  2 giant cockroaches (D:1)
  5 goblins
  7 hobgoblins
  A quokka (D:4)
  2 ball pythons
  A ball python skeleton (D:4)
  4 bats
  3 frilled lizards
  A jackal skeleton (D:2)
  A jackal zombie (D:2)
  3 kobolds
  A leopard gecko skeleton (D:2)
  A quokka zombie (D:2)
  2 rats
  2 withered plants (D:2)
68 creatures vanquished.

Notes
Turn   | Place    | Note
-------+----------+-------------------------------------------
     0 | D:1      | Irikuri the Minotaur Gladiator began the quest for the Orb.
     0 | D:1      | Reached XP level 1. HP: 18/18 MP: 0/0
    12 | D:1      | Reached skill level 4 in Long Blades
    73 | D:1      | Reached XP level 2. HP: 21/25 MP: 1/1
   549 | D:1      | Reached XP level 3. HP: 30/30 MP: 2/2
   789 | D:2      | Reached skill level 1 in Armour
  1016 | D:2      | Reached XP level 4. HP: 34/37 MP: 3/3
  1203 | D:3      | Reached skill level 5 in Long Blades
  1382 | D:4      | Noticed an ogre
  1399 | D:4      | Killed an ogre
  1399 | D:4      | Reached XP level 5. HP: 4/45 MP: 4/4
  1803 | D:4      | Reached skill level 6 in Long Blades
  1810 | D:4      | Reached XP level 6. HP: 38/51 MP: 5/5
  1946 | D:4      | Found a staircase to the Ecumenical Temple.
  1953 | Temple   | Entered the Ecumenical Temple
  1977 | Temple   | Became a worshipper of Elyvilon the Healer
  2090 | D:4      | Reached skill level 1 in Shields
  2140 | D:5      | Entered Level 5 of the Dungeon
  2146 | D:5      | Reached skill level 7 in Long Blades
  2152 | D:5      | Upgraded the game from 0.25-a0-561-g0977b4d109 to
                  | 0.25-a0-565-g8875c97ebb
  2220 | D:5      | Reached XP level 7. HP: 58/58 MP: 6/6
  2267 | D:5      | Killed from afar by an orc wizard

Levels and vault maps discovered:
D:1:      onia_arrival_pentagram, layout_basic, corexii_item_surrounded_by_moat
D:2:      layout_loops_ring, lemuel_zombie_altar_yredelemnul, serial_undead,
          serial_undead_e, serial_undead_a, serial_undead_d, serial_undead_c,
          serial_undead_c, serial_undead_b
D:3:      kennysheep_slugbush, layout_loops_corners, first_ration,
          fedhas_altar_1
D:4:      layout_loops_cross, temple_green, minmay_misc_feat_ornament,
          kennysheep_generic_room_2, uniq_grinder
D:5:      layout_gridville, lemuel_round_altar, serial_shops, shop,
          uniq_menkaure
Temple:   zaba_magenta_temple

Skill      XL: |  1  2  3  4  5  6  7 |
---------------+----------------------+-----
Long Blades    | 4 5 6 7 |  7.2
Armour         | 1 2 3 |  3.2
Fighting       | 3 4 |  4.0
Dodging        | 4 |  4.5
Shields        | 1 |  1.1
Throwing       | |  2.3
Stealth        | |  0.8

Action                   |  1- 3 |  4- 6 |  7- 9 || total
-------------------------+-------+-------+-------++-------
Melee: Long sword        |   114 |    60 |    11 ||   185
       Headbutt          |    26 |    10 |     2 ||    38
  Use: Scroll            |     7 |     3 |       ||    10
       Potion            |     4 |     3 |       ||     7
  Eat: Chunk             |     1 |     1 |       ||     2
       Ration            |       |     1 |       ||     1
Armor: Leather armour    |    21 |     6 |     1 ||    28
Dodge: Dodged            |    60 |    33 |    10 ||   103
Block: Buckler           |     4 |    11 |     7 ||    22
       Rpst.: Long sword |    17 |    10 |     5 ||    32

Table legend:
 A = Non-vault XP
 B = Vault XP
 C = Vault XP percentage of total XP
 D = Non-vault monster count
 E = Vault monster count
 F = Vault count percentage of total count
                 A         B        C        D         E       F
            +---------+---------+-------+---------+---------+-------
      Total |     770 |      36 |   4.5 |      52 |      14 |  21.2
            +---------+---------+-------+---------+---------+-------
        D:1 |      43 |       0 |   0.0 |      19 |       0 |   0.0
        D:2 |      39 |      27 |  40.9 |      12 |      11 |  47.8
        D:3 |      21 |       8 |  27.6 |       5 |       2 |  28.6
        D:4 |     446 |       1 |   0.2 |      10 |       1 |   9.1
        D:5 |     221 |       0 |   0.0 |       6 |       0 |   0.0
            +---------+---------+-------+---------+---------+-------
